 Dungeon Crawl Stone Soup version 0.24.0-13-gcf9b319 (webtiles) character file.

Game seed: 16633129175305629724, levelgen mode: deterministic

60 Fang the Skirmisher (level 4, -6/29 HPs)
             Began as a Gargoyle Berserker on Nov 25, 2019.
             Was a Believer of Trog.
             Mangled by a hobgoblin
             ... wielding a +0 club
              (7 damage)
             ... on level 2 of the Dungeon.
             The game lasted 00:02:20 (1970 turns).

Fang the Skirmisher (Gargoyle Berserker)            Turns: 1970, Time: 00:02:21

Health: -6/29      AC:  5    Str: 22    XL:     4   Next: 6%
Magic:  4/4        EV: 12    Int:  7    God:    Trog [**....]
Gold:   82         SH:  0    Dex:  9    Spells: 3/3 levels left

rFire    . . .     SeeInvis .   a - +0 hand axe
rCold    . . .     Gourm    .   (no shield)
rNeg     + . .     Faith    .   b - +0 animal skin
rPois    ∞         Spirit   .   (no helmet)
rElec    +         Reflect  .   (no cloak)
rCorr    .         Harm     .   (no gloves)
MR       .....                  (no boots)
Stlth    +.........             (no amulet)
HPRegen  0.09/turn              (no ring)
MPRegen  0.09/turn              (no ring)

@: berserk cooldown, slowed, very slow
A: negative energy resistance 1, electricity resistance, unbreathing,
petrification resistance, rot immunity, AC +3
a: Berserk, Trog's Hand, Renounce Religion


You were on level 2 of the Dungeon.
You worshipped Trog.
Trog was pleased with you.
You were near starving.

You visited 1 branch of the dungeon, and saw 2 of its levels.

You collected 82 gold pieces.

Inventory:

Hand Weapons
 a - a +0 hand axe (weapon)
Armour
 b - a +0 animal skin (worn)
Scrolls
 d - a scroll of remove curse {unknown}
 e - 2 scrolls of amnesia {unknown}
 f - a scroll of enchant armour {unknown}
 g - a scroll of blinking {unknown}
 h - 2 scrolls of fear {unknown}
 i - a scroll of immolation {unknown}
 j - a scroll of random uselessness {unknown}
 k - 2 scrolls of identify {unknown}
Potions
 l - a potion of might {unknown}
 n - a potion of agility {unknown}
 o - a potion of heal wounds {unknown}
Comestibles
 c - 6 rations


   Skills:
 + Level 3.8 Fighting
 + Level 3.2 Axes
 + Level 3.0 Armour
 + Level 2.1 Dodging


You had 3 spell levels left.
You didn't know any spells.
Your spell library was empty.

Dungeon Overview and Level Annotations

Branches:
Dungeon (2/15)

Altars:
Nemelex Xobeh

Annotations:
D:2 Robin


Innate Abilities, Weirdness & Mutations

You are resistant to torment.
Your stone body is resilient. (AC +3)
You are immune to poison.
You resist negative energy. (rN+)
You are resistant to electric shocks. (rElec)
You can survive without breathing.
You are immune to petrification.
You are immune to rotting.


Message History

Robin misses you. The goblin misses you. The hobgoblin closely misses you.
The goblin barely misses you. The goblin hits you but does no damage.
You hit Robin.
Robin is lightly wounded.
You hit the hobgoblin. You closely miss the goblin. You hit the goblin.
You kill the goblin!
Trog accepts your kill.
Your Armour skill increases to level 3!
The hobgoblin hits you but does no damage.
Robin closely misses you. The goblin hits you.
* * * LOW HITPOINT WARNING * * *
Robin barely misses you. The hobgoblin closely misses you.
The goblin hits you but does no damage.
You hit Robin but do no damage.
Robin is lightly wounded.
You hit the hobgoblin but do no damage. You hit the goblin.
You kill the goblin!
Trog accepts your kill. Robin hits you but does no damage.
The hobgoblin hits you with a +0 club!
You die...

#.# ##...##.#.###.....
#.## ##)....#.<.......
#..####.##..#####.....
##..##..#...# #.##..
##....##...## #...##
#(#####..†.##.....##
### ####.#.......#
#)))g._....
###@g.....# ##.....##
#...## #.## ... ###


You could see Robin and a hobgoblin.

Vanquished Creatures
  An adder (D:2)
  2 dart slugs
  A leopard gecko (D:1)
  2 bats
  3 giant cockroaches
  12 goblins
  8 hobgoblins
  2 jackals (D:1)
  A quokka (D:2)
  A ball python (D:1)
  4 kobolds (D:1)
  3 rats
40 creatures vanquished.

Notes
Turn   | Place    | Note
-------+----------+-------------------------------------------
     0 | D:1      | Fang the Gargoyle Berserker began the quest for the Orb.
     0 | D:1      | Reached XP level 1. HP: 14/14 MP: 1/1
   612 | D:1      | Reached XP level 2. HP: 19/19 MP: 2/2
  1430 | D:1      | Reached XP level 3. HP: 23/23 MP: 3/3
  1645 | D:2      | Reached ** piety under Trog
  1950 | D:2      | Found a sparkling altar of Nemelex Xobeh.
  1950 | D:2      | Noticed Robin
  1965 | D:2      | Reached XP level 4. HP: 4/29 MP: 4/4
  1969 | D:2      | HP: 1/29 [goblin[Robin] (3)]
  1970 | D:2      | Mangled by a hobgoblin

Levels and vault maps discovered:
D:1:      nzn_arrival_depleted_hourglass, layout_loops_corners,
          nrook_loot_triangle, minmay_tetromino_i2
D:2:      layout_rooms, lemuel_round_altar, gammafunk_temple_overflow_statue,
          first_ration, uniq_crazy_yiuf_cottage, uniq_robin, uniq_jessica

Skill      XL: |  1  2  3  4 |
---------------+-------------+-----
Axes           | 3 |  3.2
Dodging        | 2 |  2.1
Armour         | 3 |  3.0
Fighting       | |  3.8

Action                   |  1- 3 |  4- 6 || total
-------------------------+-------+-------++-------
Melee: Hand axe          |   111 |     3 ||   114
Invok: Berserk           |     1 |       ||     1
       Trog's Hand       |     1 |       ||     1
  Eat: Chunk             |     3 |       ||     3
Armor: Animal skin       |    35 |     4 ||    39
Dodge: Dodged            |    74 |     9 ||    83
